 Dungeon Crawl Stone Soup version 0.29-a0-802-g34511f41fd (webtiles) character file.

Game seed: 10852514100106244196

12258 lesbiats the Slicer (level 11, 0/78 HPs)
             Began as a Demonspawn Gladiator on July 3, 2022.
             Was an Elder of Wu Jian.
             Killed by an exploding white imp (9 damage)
             ... ignited by their inner flame
             ... on level 11 of the Dungeon.
             The game lasted 01:58:08 (17447 turns).

lesbiats the Slicer (Demonspawn Gladiator)         Turns: 17447, Time: 01:58:10

Health: 0/78       AC: 24    Str: 24    XL:     11   Next: 60%
Magic:  11/11      EV:  4    Int:  8    God:    Wu Jian [****..]
Gold:   516        SH: 13    Dex: 15    Spells: 1/10 levels left

rFire   + . .      SeeInvis .   x - +5 dagger of Pieskuome {vorpal, rCorr Dex+2}
rCold   + . .      Faith    .   h - +0 kite shield
rNeg    . . .      Spirit   .   X - +4 gold dragon scales
rPois   +          Reflect  .   l - +1 hat
rElec   .          Harm     .   k - +2 cloak
rCorr   +          Rampage  .   j - +2 pair of gloves
Will    +....                   V - +0 pair of boots
Stlth   ..........              (no amulet)
HPRegen 0.23/turn               y - ring of willpower
MPRegen 0.12/turn               a - ring of poison resistance

@: slowed, very slow
A: antennae 2, large bone plates 2, demonic guardian 1, powered by pain 1, frail
1, screaming 1, strong 1
a: Renounce Religion, Wall Jump, Serpent's Lash


You were on level 11 of the Dungeon.
You worshipped Wu Jian.
Wu Jian was greatly pleased with you.
You visited 1 branch of the dungeon, and saw 11 of its levels.
You also visited: Ossuary.

You collected 696 gold pieces.
You spent 180 gold pieces at shops.

Inventory:

Hand Weapons
 x - the +5 dagger of Pieskuome (weapon) {vorpal, rCorr Dex+2}
   (You found it on level 2 of the Dungeon)

   It inflicts extra damage upon your enemies.
   Dex:       It affects your dexterity (+2).
   rCorr:     It protects you from acid and corrosion.
Missiles
 b - 4 poisoned darts (quivered)
 d - 4 throwing nets
 i - 60 stones
 u - 2 curare-tipped darts
 z - 5 boomerangs
Armour
 f - a +0 hat
 g - an orb of wrath
 h - a +0 kite shield (worn)
 j - a +2 pair of gloves (worn)
 k - a +2 cloak (worn)
 l - a +1 hat (worn)
 p - a +1 cloak
 V - a +0 pair of boots (worn)
 X - +4 gold dragon scales (worn)
Jewellery
 a - a ring of poison resistance (right hand)
 n - a ring of positive energy
 y - a ring of willpower (left hand)
 J - an amulet of magic regeneration
 O - a ring of wizardry
 T - a ring of willpower
Wands
 C - a wand of polymorph (7)
 Q - a wand of flame (14)
Scrolls
 q - a scroll of fear
 r - 4 scrolls of teleportation
 t - a scroll of enchant weapon {unknown}
 D - 3 scrolls of noise
 E - 3 scrolls of amnesia
 I - 2 scrolls of poison
 L - a scroll of magic mapping {unknown}
 N - a scroll of brand weapon {unknown}
 R - a scroll of fog {unknown}
Potions
 m - a potion of brilliance {unknown}
 o - 2 potions of ambrosia
 v - a potion of might
 w - a potion of magic {unknown}
 B - a potion of haste
 K - a potion of degeneration
 M - 3 potions of lignification


   Skills:
 + Level 8.7 Fighting
 + Level 10.5 Short Blades
 - Level 3.1 Polearms
 + Level 7.9 Throwing
 * Level 0.8 Armour
 + Level 8.1 Dodging
 + Level 0.4 Shields
 + Level 0.3 Spellcasting
 + Level 0.4 Conjurations
 + Level 0.3 Hexes
 + Level 0.3 Transmutations
 + Level 0.3 Earth Magic


You had one spell level left.
You knew the following spells:

 Your Spells              Type           Power      Damage    Failure   Level
a - Dazzling Flash        Conj/Hex       0%         N/A       100%        3
b - Statue Form           Tmut/Erth      0%         N/A       100%        6

Your spell library contained the following spells:

 Spells                   Type           Power      Damage    Failure   Level
 Sublimation of Blood     Necr           0%         N/A       100%        2
 Petrify                  Tmut/Erth      0%         N/A       100%        4
 Agony                    Necr           0%         N/A       100%        5
 Freezing Cloud           Conj/Ice/Air   0%         6-21      100%        5
 Irradiate                Conj/Tmut      0%         3d13      100%        5
 Metabolic Englaciation   Hex/Ice        0%         N/A       100%        5
 Silence                  Hex/Air        0%         N/A       100%        5
 Simulacrum               Ice/Necr       0%         N/A       100%        6
 Polar Vortex             Ice            0%         N/A       100%        9


Dungeon Overview and Level Annotations

Branches:
Dungeon (11/15)            Temple (0/1) D:4         Ossuary (visited)
   Lair: D:8-11         Orc: D:9-12

Altars:
Ashenzari
Fedhas
Makhleb
Okawaru
Sif Muna
Vehumet
Wu Jian
Xom

Shops:
D:4 ?   D:5 ?   D:10 *


Innate Abilities, Weirdness & Mutations

You have a pair of antennae on your head.
You are mostly covered in large bone plates. (SH +6)
A weak demonic guardian rushes to your aid.
You sometimes gain a little power by taking damage.
You are frail. (-10% HP)
You occasionally shout uncontrollably at your foes.
Your muscles are strong. (Str +4, Int/Dex -1)


Message History

The orc priest hits you but does no damage.
The wraith barely misses you.
Really read the scroll of immolation?
As you read the scroll of immolation, it crumbles to dust.
The creatures around you are filled with an inner flame!
You feel yourself speed up.
The orc priest hits you but does no damage.
The two-headed ogre zombie hits you!
* * * LOW HITPOINT WARNING * * *
You block the two-headed ogre zombie's attack.
The wraith hits you.
* * * LOW HITPOINT WARNING * * *
The wraith drains your vigour!
You feel yourself slow down. You block the orc priest's attack.
An orc zombie comes into view.
You swap places.
The two-headed ogre zombie attacks as you move away!
You block the two-headed ogre zombie's attack.
The two-headed ogre zombie hits you.
* * * LOW HITPOINT WARNING * * *
The wraith attacks as you move away! You block the wraith's attack.
The wraith closely misses your white imp.
Your white imp hits the two-headed ogre zombie.
Flame seeps out of the two-headed ogre zombie.
Your white imp freezes the two-headed ogre zombie.
The two-headed ogre zombie resists.
Flame seeps out of the two-headed ogre zombie.
The wraith closely misses your white imp.
Your white imp hits the two-headed ogre zombie.
Flame seeps out of the two-headed ogre zombie.
Your white imp freezes the two-headed ogre zombie.
The two-headed ogre zombie completely resists.
The two-headed ogre zombie is engulfed in blazing flames.
Flame seeps out of the two-headed ogre zombie.
The two-headed ogre zombie hits your white imp but does no damage.
The two-headed ogre zombie hits your white imp.
Your white imp disappears in a puff of smoke!
Your white imp explodes!
The fiery explosion engulfs you! You resist.
You die...

#..........ZZ.
#..........8Z.
+.....{#.ZZ.Z.
#....{.#{..Z. { #...#
#{ZZ#{{{ #{#.###Z..#{
#{{Z..'.Z(#{
#####+#####ZZZ≈≈#...#
.......@§WoWZZ≈≈≈####
#....####Z##Z≈≈≈≈≈#.
#... #...ZZZ≈≈≈≈≈≈≈.
# ..##........≈≈≈≈#..
............≈≈≈##...
............≈≈... ..
........)####.#..
####.....#....#..
.......))#...<#...


You could see 2 wraiths, an orc priest (inner flame), 5 orc zombies, 2 ogre
zombies and 2 two-headed ogre zombies.

Vanquished Creatures
  2 two-headed ogres
  Amaemon (D:8)
  Pikel (D:8)
  Maurice (D:8)
  An orange demon (D:8)
  A kobold demonologist (D:11)
  A komodo dragon (D:11)
  2 trolls
  2 slime creatures (D:10)
  A shadow (D:9)
  A wraith (D:10)
  Grum (D:8)
  A wyvern (D:8)
  12 yaks
  A steam dragon (D:7)
  4 vampire mosquitoes (D:10)
  An acid dragon (D:10)
  2 water moccasins
  2 sky beasts (D:7)
  5 ogres
  2 wolves (D:8)
  2 centaurs
  3 lemures (D:8)
  A phantom (D:6)
  2 kobold brigands
  5 bullfrogs
  4 elf zombies
  2 gnoll sergeants
  A scorpion (D:6)
  2 wights (D:7)
  5 killer bees
  9 howler monkeys
  7 electric eels (D:10)
  8 hounds
  3 human zombies (Ossuary)
  5 jellies
  4 orc priests
  4 centaur zombies (Ossuary)
  4 iguanas
  3 orc wizards
  2 human skeletons (D:5)
  An ogre zombie (D:11)
  2 mummies (Ossuary)
  9 gnolls
  8 adders
  2 white imps
  An ufetubus (D:4)
  2 dart slugs
  21 orcs
  5 ball pythons
  9 endoplasms
  2 giant cockroaches
  8 goblins
  13 hobgoblins
  7 jackals
  5 quokkas
  7 bats
  3 frilled lizards
  8 kobolds
  3 orc skeletons
  6 orc zombies
  3 rats
  2 butterflies (D:8)
248 creatures vanquished.

Vanquished Creatures (collateral kills)
  2 slime creatures (D:10)
  An ice beast (D:5)
  A kobold brigand (D:11)
  A wight (D:7)
  An electric eel (D:10)
  A centaur zombie (Ossuary)
  A human zombie (Ossuary)
  An orc wizard (D:8)
  A mummy (Ossuary)
  A gnoll (D:9)
  2 orcs
  A kobold (D:8)
14 creatures vanquished.

Grand Total: 262 creatures vanquished

Notes
Turn   | Place    | Note
-------+----------+-------------------------------------------
     0 | D:1      | lesbiats the Demonspawn Gladiator began the quest for the
                  | Orb.
     0 | D:1      | Reached XP level 1. HP: 16/16 MP: 1/1
   219 | D:1      | Gained mutation: You sometimes gain a little power by
                  | taking damage. [demonic ancestry]
   219 | D:1      | Reached XP level 2. HP: 16/22 MP: 2/2
   597 | D:1      | Found a faded altar of an unknown god.
   606 | D:1      | Prayed at the altar of an unknown god.
   606 | D:1      | Became a worshipper of the Wu Jian Council
   606 | D:1      | Reached * piety under Wu Jian
  1114 | D:2      | Gained mutation: You are partially covered in large bone
                  | plates. (SH +4) [demonic ancestry]
  1114 | D:2      | Reached XP level 3. HP: 28/28 MP: 3/3
  1414 | D:2      | Identified the +5 dagger of Pieskuome {vorpal, rCorr Dex+2}
  1471 | D:2      | Reached ** piety under Wu Jian
  2077 | D:3      | Gained mutation: You have a pair of small antennae on your
                  | head. [demonic ancestry]
  2077 | D:3      | Reached XP level 4. HP: 34/34 MP: 4/4
  2388 | D:3      | Reached skill level 1 in Short Blades
  2388 | D:3      | Found a glowing drain.
  2838 | D:4      | Noticed an ogre
  2857 | D:4      | Killed an ogre
  2858 | D:4      | Reached skill level 2 in Short Blades
  2858 | D:4      | Gained mutation: A weak demonic guardian rushes to your
                  | aid. [demonic ancestry]
  2858 | D:4      | Reached XP level 5. HP: 30/41 MP: 5/5
  3065 | D:4      | Found a staircase to the Ecumenical Temple.
  3259 | D:4      | Found Fufexid's Magic Scroll Shoppe.
  3263 | D:4      | Bought a scroll of identify for 24 gold pieces
  3263 | D:4      | Bought a scroll of identify for 24 gold pieces
  3263 | D:4      | Bought a scroll of identify for 24 gold pieces
  3267 | D:4      | Bought a scroll of immolation for 42 gold pieces
  3491 | D:4      | Noticed an ogre
  3510 | D:4      | Killed an ogre
  3511 | D:4      | Reached XP level 6. HP: 34/47 MP: 6/6
  3618 | D:4      | Reached skill level 3 in Short Blades
  4311 | D:5      | Entered Level 5 of the Dungeon
  4345 | D:5      | Gained mutation: You are mostly covered in large bone
                  | plates. (SH +6) [demonic ancestry]
  4345 | D:5      | Reached XP level 7. HP: 52/53 MP: 7/7
  4371 | D:5      | Found a shimmering blue altar of Sif Muna.
  4403 | D:5      | Found Kanu's Magic Scroll Boutique.
  4451 | D:5      | Bought a scroll of identify for 22 gold pieces
  4451 | D:5      | Bought a scroll of identify for 22 gold pieces
  4451 | D:5      | Bought a scroll of identify for 22 gold pieces
  4657 | D:5      | Reached skill level 4 in Short Blades
  4857 | D:5      | Reached *** piety under Wu Jian
  4858 | D:5      | Found a sand-covered staircase.
  4870 | Ossuary  | Entered an ossuary
  4957 | Ossuary  | Reached XP level 8. HP: 54/61 MP: 8/8
  5035 | Ossuary  | Reached skill level 5 in Short Blades
  5263 | Ossuary  | Reached skill level 5 in Fighting
  5263 | Ossuary  | Reached skill level 5 in Dodging
  6224 | D:6      | Reached skill level 6 in Short Blades
  6338 | D:6      | Reached skill level 5 in Throwing
  6936 | D:7      | Reached XP level 9. HP: 19/68 MP: 9/9
  8200 | D:7      | Found a burning altar of Makhleb.
  8268 | D:7      | Reached **** piety under Wu Jian
  8269 | D:7      | Reached skill level 7 in Short Blades
  9274 | D:8      | Noticed Maurice
  9275 | D:8      | Noticed Amaemon
  9285 | D:8      | Noticed an orange demon
  9300 | D:8      | Killed an orange demon
  9301 | D:8      | Killed Amaemon
  9302 | D:8      | Reached skill level 8 in Short Blades
  9302 | D:8      | Reached XP level 10. HP: 34/77 MP: 10/10
  9339 | D:8      | Killed Maurice
  9640 | D:8      | Found a radiant altar of Vehumet.
  9819 | D:8      | Found a shimmering altar of Xom.
  9995 | D:8      | Noticed Grum
 10013 | D:8      | Killed Grum
 11036 | D:8      | Reached skill level 9 in Short Blades
 11111 | D:8      | Noticed Pikel
 11160 | D:8      | Killed Pikel
 11510 | D:9      | Gained mutation: You are frail. (-10% HP) [potion of
                  | mutation]
 11510 | D:9      | Gained mutation: You occasionally shout uncontrollably at
                  | your foes. [potion of mutation]
 11510 | D:9      | Gained mutation: Your muscles are strong. (Str +4, Int/Dex
                  | -1) [potion of mutation]
 11534 | D:9      | Noticed a two-headed ogre
 12566 | D:9      | Killed a two-headed ogre
 13025 | D:9      | Gained mutation: You have a pair of antennae on your head.
                  | [demonic ancestry]
 13025 | D:9      | Reached XP level 11. HP: 77/77 MP: 11/11
 13170 | D:9      | Found a broken altar of Ashenzari.
 13547 | D:10     | Entered Level 10 of the Dungeon
 14413 | D:10     | Reached skill level 10 in Short Blades
 14983 | D:10     | Noticed a two-headed ogre
 15018 | D:10     | Killed a two-headed ogre
 15062 | D:10     | Found Pynloih's Serpentskin Sales.
 16077 | D:10     | Found an iron altar of Okawaru.
 16085 | D:10     | Found a blossoming altar of Fedhas.
 17286 | D:10     | Learned a level 3 spell: Dazzling Flash
 17293 | D:10     | Learned a level 6 spell: Statue Form
 17447 | D:11     | Killed by an exploding white imp... ignited by their inner
                  | flame

Illustrated notes

Levels and vault maps discovered:
D:1:      kennysheep_arrival_forest, layout_basic, ebering_ecumenical_altar_rust
D:2:      layout_loops_ring, minmay_heptomino_o4
D:3:      layout_loops_ring, portal_sewer_entry_d
D:4:      layout_basic, temple_hall, serial_shops, kennysheep_mini_moat,
          uniq_grinder
D:5:      nicolae_BIG_FREAKIN_CUBE, layout_cave_pools,
          mainiacjoe_overflow_alcove_1, serial_shops, shop,
          nicolae_ossuary_entry_catacombs, nicolae_titane
D:6:      layout_loops_ring
D:7:      layout_cave_pods, overflow_temple_1_default,
          minmay_fractal_squares_diagonal_5
D:8:      layout_basic, xom_butterflies, lemuel_round_altar, minivault_23,
          uniq_grum, uniq_amaemon, uniq_pikel, uniq_maurice
D:9:      layout_loops_ring, nicolae_ashenzari_panopticon,
          nicolae_tso_swordbearing_angel, hangedman_corner_corridor
D:10:     layout_basic, mainiacjoe_overflow_catwalk_spiral, lair_entry_dummy,
          guppyfry_shop_venom
D:11:     layout_basic, zombieorc2_lemuel, nicolae_take_the_stairs,
          minmay_quadrilaterals

Skill      XL: |  1  2  3  4  5  6  7  8  9 10 11 |
---------------+----------------------------------+-----
Throwing       | 2 3 4 5 6 7 |  7.9
Dodging        | 3 4 5 6 7 8 |  8.1
Polearms       | 3 |  3.1
Short Blades   | 2 3 4 6 8 9 10 | 10.5
Fighting       | 3 4 5 6 8 |  8.7
Armour         | |  0.8
Shields        | |  0.4
Spellcasting   | |  0.3
Conjurations   | |  0.4
Hexes          | |  0.3
Transmutations | |  0.3
Earth Magic    | |  0.3

Action                   |  1- 3 |  4- 6 |  7- 9 | 10-12 || total
-------------------------+-------+-------+-------+-------++-------
Melee: Trident           |   100 |       |       |       ||   100
       Punch             |     2 |       |     9 |     2 ||    13
       Dagger            |    20 |   130 |   561 |   532 ||  1243
Throw: Javelin           |     2 |       |     1 |    36 ||    39
       Boomerang         |     2 |     1 |       |     2 ||     5
       Dart              |       |       |       |     4 ||     4
Invok: Lunge             |    14 |    14 |    22 |    39 ||    89
       Whirlwind         |    13 |    21 |   120 |    77 ||   231
       Serpent's Lash    |       |       |     4 |       ||     4
 Abil: Wall Jump         |       |     3 |    50 |    45 ||    98
Evoke: Wand              |       |     2 |     2 |    19 ||    23
  Use: Scroll            |       |     6 |    12 |    13 ||    31
       Potion            |       |     2 |     4 |     4 ||    10
 Stab: Distracted        |       |       |     2 |     2 ||     4
Armor: Leather armour    |    29 |       |       |       ||    29
       Ring mail         |    22 |    19 |       |    40 ||    81
       Chain mail        |       |    24 |   201 |    16 ||   241
       Gold dragon scale |       |       |       |   169 ||   169
Dodge: Dodged            |    95 |    48 |   134 |   134 ||   411
Block: Other             |     6 |    20 |   110 |    55 ||   191
       Orb               |       |       |       |     8 ||     8
       Kite shield       |       |       |       |   134 ||   134

Table legend: (Time is in decaauts)
 A = Elapsed time spent in this place.
 B = Non-inter-level travel time spent in this place.
 C = Inter-level travel time spent in this place.
 D = Time resting spent in this place.
 E = Time spent auto-exploring this place.
 F = Levels seen in this place.
 G = Mean time per level.
                   A        B        C        D        E       F      G
               +--------+--------+--------+--------+--------+-----+--------+
         Total |  17427 |  16690 |    737 |   6567 |   4851 |  12 | 1452.2 |
       Dungeon |  16990 |  16253 |    737 |   6367 |   4851 |  11 | 1544.5 |
       Ossuary |    436 |    436 |      0 |    200 |      0 |   1 |  436.0 |
               +--------+--------+--------+--------+--------+-----+--------+

Top non-repeatable levels by time:
    D:10: 3793 daAuts
     D:7: 2513 daAuts
     D:8: 2340 daAuts
     D:9: 1692 daAuts
     D:4: 1543 daAuts
     D:5: 1327 daAuts
     D:1: 1046 daAuts
     D:3: 967 daAuts
     D:6: 903 daAuts
     D:2: 771 daAuts
 Ossuary: 436 daAuts
    D:11: 90 daAuts
